| TOP OF THE 1ST |
|
Chattanooga Lookouts batting - Pitching for Akron RubberDucks : LHP John Roe
|
|
Pitching: LHP John Roe
|
|
|
Batting: RHB Francisque Regras
|
0-0: Foul Ball, location: 2F 0-1: Swinging Strike 0-2: Strikes out looking
|
|
Batting: RHB Ruben Martinez
|
0-0: Called Strike 0-1: Ball 1-1: Ball 2-1: Swinging Strike 2-2: Foul Ball, location: 2F 2-2: Foul Ball, location: 2F 2-2: Ball 3-2: Ground out 5-3 (Groundball, 5, EV 104.4 MPH)
|
|
Batting: LHB Matt Robertson
|
0-0: Called Strike 0-1: Foul Ball, location: 2F 0-2: Fly out, F8 (Flyball, 8RM, EV 65.6 MPH)
|
| Top of the 1st over - 0 runs, 0 hits, 0 errors, 0 left on base; Chattanooga 0 - Akron 0 |
| BOTTOM OF THE 1ST |
|
Akron RubberDucks batting - Pitching for Chattanooga Lookouts : RHP Matt Springer
|
|
Pitching: RHP Matt Springer
|
|
|
Batting: LHB Nick Welling
|
0-0: Ball 1-0: Called Strike 1-1: Foul Ball, location: 2F 1-2: Ground out 4-3 (Groundball, 4, EV 81.2 MPH)
|
|
Batting: SHB Arturo Baez
|
0-0: Fly out, F9 (Flyball, 9S, EV 85.6 MPH)
|
|
Batting: RHB Harris Leroux
|
0-0: Called Strike 0-1: Ball 1-1: SINGLE (Groundball, 4D, EV 94.4 MPH)
|
|
Batting: RHB Christian Blue
|
0-0: Foul Ball, location: 2F 0-1: Fly out, F7 (Flyball, 7S, EV 95.0 MPH)
|
| Bottom of the 1st over - 0 runs, 1 hit, 0 errors, 1 left on base; Chattanooga 0 - Akron 0 |
| TOP OF THE 2ND |
|
Chattanooga Lookouts batting - Pitching for Akron RubberDucks : LHP John Roe
|
|
Batting: RHB Isaiah Easter
|
0-0: DOUBLE (Flyball, 78XD, EV 94.4 MPH)
|
|
Batting: RHB Justin Allison
|
0-0: Ball Isaiah Easter steals 3rd, throwing error, E2 Isaiah Easter scores 1-0: Called Strike 1-1: Ball 2-1: Ground out 5-3 (Groundball, 56, EV 98.8 MPH)
|
|
Batting: SHB Chris Ortiz
|
0-0: Ball 1-0: Ball 2-0: Called Strike 2-1: Ball 3-1: Base on Balls
|
|
Batting: RHB Julian de Reus
|
0-0: Grounds into double play, 4-6-3 (Groundball, 34, EV 99.4 MPH)
|
| Top of the 2nd over - 1 run, 1 hit, 1 error, 0 left on base; Chattanooga 1 - Akron 0 |
| BOTTOM OF THE 2ND |
|
Akron RubberDucks batting - Pitching for Chattanooga Lookouts : RHP Matt Springer
|
|
Batting: RHB Hieronim Rutkowski
|
0-0: Called Strike 0-1: Ball 1-1: Ball 2-1: Ground out 6-3 (Groundball, 6, EV 98.8 MPH)
|
|
Batting: RHB Matt Thompson
|
0-0: Called Strike 0-1: Ground out 5-3 (Groundball, 56, EV 103.1 MPH)
|
|
Batting: LHB Corey Trevor
|
0-0: Foul Ball, location: 2F 0-1: Ball 1-1: Ball 2-1: Foul Ball, location: 2F 2-2: Foul Ball, location: 2F 2-2: Ball 3-2: Base on Balls
|
|
Batting: RHB Reynaldo Herrera
|
0-0: Called Strike Corey Trevor is caught stealing 2nd base 2-4
|
| Bottom of the 2nd over - 0 runs, 0 hits, 0 errors, 0 left on base; Chattanooga 1 - Akron 0 |
| TOP OF THE 3RD |
|
Chattanooga Lookouts batting - Pitching for Akron RubberDucks : LHP John Roe
|
|
Batting: LHB Kozo Kanamori
|
0-0: Called Strike 0-1: Foul Ball, location: 2F 0-2: Ball 1-2: Foul Ball, location: 2F 1-2: Strikes out swinging
|
|
Batting: RHB Ben Droge
|
0-0: Ball 1-0: Called Strike 1-1: Ground out 6-3 (Groundball, 6, EV 79.4 MPH)
|
|
Batting: RHB Francisque Regras
|
0-0: Swinging Strike 0-1: Ball 1-1: Ball 2-1: Ground out U3 (Groundball, 3, EV 88.8 MPH)
|
| Top of the 3rd over - 0 runs, 0 hits, 0 errors, 0 left on base; Chattanooga 1 - Akron 0 |
| BOTTOM OF THE 3RD |
|
Akron RubberDucks batting - Pitching for Chattanooga Lookouts : RHP Matt Springer
|
|
Batting: RHB Reynaldo Herrera
|
0-0: Fly out, F9 (Line Drive, 9, EV 91.2 MPH)
|
|
Batting: RHB Edwin Rivera
|
0-0: Ground out U3 (Groundball, 34, EV 100.6 MPH)
|
|
Batting: LHB Nick Welling
|
0-0: Called Strike 0-1: Ball 1-1: SINGLE (Line Drive, 7S, EV 105.0 MPH)
|
|
Batting: SHB Arturo Baez
|
0-0: Fly out, F6 (Flyball, 5D, EV 88.1 MPH)
|
| Bottom of the 3rd over - 0 runs, 1 hit, 0 errors, 1 left on base; Chattanooga 1 - Akron 0 |
| TOP OF THE 4TH |
|
Chattanooga Lookouts batting - Pitching for Akron RubberDucks : LHP John Roe
|
|
Batting: RHB Ruben Martinez
|
0-0: Foul Ball, location: 2F 0-1: Called Strike 0-2: Strikes out swinging
|
|
Batting: LHB Matt Robertson
|
0-0: SINGLE (Groundball, 34D, EV 102.5 MPH)
|
|
Batting: RHB Isaiah Easter
|
0-0: Ball 1-0: Foul Ball, location: 2F 1-1: Ball 2-1: Swinging Strike 2-2: Strikes out swinging
|
|
Batting: RHB Justin Allison
|
0-0: Ball Matt Robertson is caught stealing 2nd base 2-4
|
| Top of the 4th over - 0 runs, 1 hit, 0 errors, 0 left on base; Chattanooga 1 - Akron 0 |
| BOTTOM OF THE 4TH |
|
Akron RubberDucks batting - Pitching for Chattanooga Lookouts : RHP Matt Springer
|
|
Batting: RHB Harris Leroux
|
0-0: Ball 1-0: Ground out 1-3 (Groundball, 13, EV 71.2 MPH)
|
|
Batting: RHB Christian Blue
|
0-0: Ball 1-0: Ball 2-0: Called Strike 2-1: Foul Ball, location: 2F 2-2: Ball 3-2: SINGLE (Groundball, 6MD, EV 105.0 MPH)
|
|
Batting: RHB Hieronim Rutkowski
|
0-0: Foul Ball, location: 2F 0-1: Called Strike Christian Blue steals 2nd base 0-2: Ground out 4-3 (Groundball, 34, EV 106.2 MPH) Christian Blue to third
|
|
Batting: RHB Matt Thompson
|
0-0: DOUBLE (Line Drive, 78D, EV 107.5 MPH) Christian Blue scores
|
|
Batting: LHB Corey Trevor
|
0-0: Called Strike 0-1: Foul Ball, location: 2F 0-2: Strikes out looking
|
| Bottom of the 4th over - 1 run, 2 hits, 0 errors, 1 left on base; Chattanooga 1 - Akron 1 |
| TOP OF THE 5TH |
|
Chattanooga Lookouts batting - Pitching for Akron RubberDucks : LHP John Roe
|
|
Batting: RHB Justin Allison
|
0-0: Called Strike 0-1: Ball 1-1: DOUBLE (Flyball, 89XD, EV 99.4 MPH)
|
|
Batting: SHB Chris Ortiz
|
0-0: Called Strike 0-1: Ball 1-1: Foul Ball, location: 2F 1-2: Ball 2-2: Foul Ball, location: 2F 2-2: Ball 3-2: Foul Ball, location: 2F 3-2: Foul Ball, location: 2F 3-2: Ground out 6-3 (Groundball, 6, EV 87.5 MPH)
|
|
Batting: RHB Julian de Reus
|
0-0: Swinging Strike 0-1: Ground out 6-3 (Groundball, 6S, EV 86.9 MPH)
|
|
Batting: LHB Kozo Kanamori
|
0-0: Ball 1-0: Swinging Strike 1-1: Ball 2-1: Foul Ball, location: 2F 2-2: Fly out, F3 (Line Drive, 3, EV 67.5 MPH)
|
| Top of the 5th over - 0 runs, 1 hit, 0 errors, 1 left on base; Chattanooga 1 - Akron 1 |
| BOTTOM OF THE 5TH |
|
Akron RubberDucks batting - Pitching for Chattanooga Lookouts : RHP Matt Springer
|
|
Batting: RHB Reynaldo Herrera
|
0-0: Ball 1-0: Ball 2-0: Called Strike 2-1: Ball 3-1: Ground out 4-3 (Groundball, 4, EV 104.4 MPH)
|
|
Batting: RHB Edwin Rivera
|
0-0: Called Strike 0-1: Foul Ball, location: 2F 0-2: Ball 1-2: SINGLE (Line Drive, 8RS, EV 112.5 MPH)
|
|
Batting: LHB Nick Welling
|
0-0: Ball 1-0: Ball 2-0: Called Strike 2-1: Called Strike 2-2: SINGLE (Groundball, 56S, EV 75.6 MPH) (infield hit) Edwin Rivera to second
|
|
Batting: SHB Arturo Baez
|
0-0: Called Strike 0-1: SINGLE (Line Drive, 89M, EV 106.2 MPH) Edwin Rivera to third Nick Welling to second Runner from 3rd tries for Home, throw by RF and OUT! 9-2
|
|
Batting: RHB Harris Leroux
|
0-0: Called Strike 0-1: Ball 1-1: Fly out, F8 (Flyball, 8RS, EV 86.2 MPH)
|
| Bottom of the 5th over - 0 runs, 3 hits, 0 errors, 2 left on base; Chattanooga 1 - Akron 1 |
| TOP OF THE 6TH |
|
Chattanooga Lookouts batting - Pitching for Akron RubberDucks : LHP John Roe
|
|
Batting: RHB Ben Droge
|
0-0: Ball 1-0: Swinging Strike 1-1: Ball 2-1: Ground out 3-1 (Groundball, 34S, EV 93.1 MPH)
|
|
Batting: RHB Francisque Regras
|
0-0: Ball 1-0: Foul Ball, location: 2F 1-1: Foul Ball, location: 2F 1-2: SINGLE (Groundball, 56S, EV 66.9 MPH) (infield hit)
|
|
Batting: RHB Ruben Martinez
|
0-0: Ball 1-0: Called Strike Francisque Regras is caught stealing 2nd base 2-4 1-1: Swinging Strike 1-2: Ball 2-2: Foul Ball, location: 2F 2-2: Foul Ball, location: 2F 2-2: Ball 3-2: Ground out 5-3 (Groundball, 56, EV 98.8 MPH)
|
| Top of the 6th over - 0 runs, 1 hit, 0 errors, 0 left on base; Chattanooga 1 - Akron 1 |
| BOTTOM OF THE 6TH |
|
Akron RubberDucks batting - Pitching for Chattanooga Lookouts : RHP Matt Springer
|
|
Batting: RHB Christian Blue
|
0-0: Foul Ball, location: 2F 0-1: Foul Ball, location: 2F 0-2: Ground out 5-3 (Groundball, 5, EV 101.2 MPH)
|
|
Batting: RHB Hieronim Rutkowski
|
0-0: Ball 1-0: Called Strike 1-1: Swinging Strike 1-2: Ball 2-2: Ball 3-2: Ground out 5-3 (Groundball, 56, EV 108.1 MPH)
|
|
Batting: RHB Matt Thompson
|
0-0: Called Strike 0-1: Fly out, F5 (Line Drive, 5, EV 62.5 MPH)
|
| Bottom of the 6th over - 0 runs, 0 hits, 0 errors, 0 left on base; Chattanooga 1 - Akron 1 |
| TOP OF THE 7TH |
|
Chattanooga Lookouts batting - Pitching for Akron RubberDucks : LHP John Roe
|
|
Pitching: LHP Terry LaPlante
|
|
|
Batting: LHB Matt Robertson
|
0-0: Ball 1-0: Ball 2-0: Foul Ball, location: 2F 2-1: Ball 3-1: Base on Balls
|
|
Batting: RHB Isaiah Easter
|
0-0: Ball 1-0: Ball 2-0: Ball Matt Robertson steals 2nd, throwing error, E2 Matt Robertson to third 3-0: Foul Ball, location: 2F 3-1: SINGLE (Flyball, 9LS, EV 96.2 MPH) Matt Robertson scores
|
|
Batting: RHB Justin Allison
|
0-0: Ball 1-0: Ball 2-0: Called Strike 2-1: Grounds into double play, 6-4-3 (Groundball, 6, EV 80.0 MPH)
|
|
Batting: SHB Chris Ortiz
|
0-0: Called Strike 0-1: Swinging Strike 0-2: Strikes out swinging
|
| Top of the 7th over - 1 run, 1 hit, 1 error, 0 left on base; Chattanooga 2 - Akron 1 |
| BOTTOM OF THE 7TH |
|
Akron RubberDucks batting - Pitching for Chattanooga Lookouts : RHP Matt Springer
|
|
Batting: LHB Corey Trevor
|
0-0: Ball 1-0: Foul Ball, location: 2F 1-1: Foul Ball, location: 2F 1-2: Ball 2-2: Ball 3-2: Base on Balls
|
|
Batting: RHB Reynaldo Herrera
|
0-0: Ball 1-0: Fielders Choice at 2nd, 5-4 (Groundball, 5, EV 91.2 MPH)
|
|
Batting: RHB Edwin Rivera
|
0-0: Grounds into double play, 6-4-3 (Groundball, 6, EV 107.5 MPH)
|
| Bottom of the 7th over - 0 runs, 0 hits, 0 errors, 0 left on base; Chattanooga 2 - Akron 1 |
| TOP OF THE 8TH |
|
Chattanooga Lookouts batting - Pitching for Akron RubberDucks : LHP Terry LaPlante
|
|
Batting: RHB Julian de Reus
|
0-0: Called Strike 0-1: Called Strike 0-2: Ball 1-2: Ground out 6-3 (Groundball, 6, EV 83.8 MPH)
|
|
Batting: LHB Kozo Kanamori
|
0-0: SINGLE (Flyball, 34D, EV 93.8 MPH)
|
|
Batting: RHB Ben Droge
|
0-0: Called Strike 0-1: Swinging Strike 0-2: Foul Ball, location: 2F 0-2: Ball 1-2: Ball Wild Pitch! Kozo Kanamori to second 2-2: Fly out, F9 (Flyball, 9, EV 76.9 MPH)
|
|
Batting: RHB Francisque Regras
|
0-0: Ball 1-0: Called Strike 1-1: Ball 2-1: Ball 3-1: Ground out 4-3 (Groundball, 4, EV 88.8 MPH)
|
| Top of the 8th over - 0 runs, 1 hit, 0 errors, 1 left on base; Chattanooga 2 - Akron 1 |
| BOTTOM OF THE 8TH |
|
Akron RubberDucks batting - Pitching for Chattanooga Lookouts : RHP Matt Springer
|
|
Batting: LHB Nick Welling
|
0-0: Ball 1-0: Ball 2-0: Ball 3-0: Called Strike 3-1: Base on Balls
|
|
Batting: SHB Arturo Baez
|
0-0: Sac Bunt to 2R - play at first, batter OUT! 2-4 Nick Welling to second
|
|
Batting: RHB Harris Leroux
|
0-0: Ball 1-0: Foul Ball, location: 2F 1-1: SINGLE (Line Drive, 7S, EV 101.2 MPH) Nick Welling to third
|
|
Batting: RHB Christian Blue
|
0-0: Called Strike 0-1: Called Strike 0-2: Strikes out swinging
|
|
Pitching: LHP Inkei Wakamatsu
|
|
|
Batting: RHB Hieronim Rutkowski
|
0-0: Ball 1-0: Ball 2-0: SINGLE (Groundball, 56D, EV 101.2 MPH) Nick Welling scores Harris Leroux to second
|
|
Batting: RHB Matt Thompson
|
0-0: Ball 1-0: Ground out 3-1 (Groundball, 34, EV 100.0 MPH)
|
| Bottom of the 8th over - 1 run, 2 hits, 0 errors, 2 left on base; Chattanooga 2 - Akron 2 |
| TOP OF THE 9TH |
|
Chattanooga Lookouts batting - Pitching for Akron RubberDucks : LHP Terry LaPlante
|
|
Pitching: RHP Corey Rizzuto
|
|
|
Batting: RHB J.J. Powers
|
0-0: Ball 1-0: Foul Ball, location: 2F 1-1: Foul Ball, location: 2F 1-2: Ball 2-2: Ball 3-2: Ground out 6-3 (Groundball, 6, EV 84.4 MPH)
|
|
Batting: LHB Matt Robertson
|
0-0: Swinging Strike 0-1: Swinging Strike 0-2: Ball 1-2: Strikes out swinging
|
|
Batting: RHB Isaiah Easter
|
0-0: Called Strike 0-1: DOUBLE (Line Drive, 9D, EV 98.8 MPH)
|
|
Pinch Hitting: LHB Armando Rendon
|
0-0: Intentional Walk
|
|
Batting: SHB Chris Ortiz
|
0-0: Swinging Strike 0-1: Fielders Choice at 2nd, 5-4 (Groundball, 5, EV 101.9 MPH)
|
| Top of the 9th over - 0 runs, 1 hit, 0 errors, 2 left on base; Chattanooga 2 - Akron 2 |
| BOTTOM OF THE 9TH |
|
Akron RubberDucks batting - Pitching for Chattanooga Lookouts : LHP Inkei Wakamatsu
|
|
Now at 1B: Masaichi Tokunaga
|
|
|
Pinch Hitting: RHB Mike Plugge
|
0-0: Ball 1-0: Foul Ball, location: 2F 1-1: SINGLE (Groundball, 56S, EV 96.2 MPH)
|
|
Batting: RHB Reynaldo Herrera
|
0-0: Ball 1-0: Called Strike 1-1: Ball 2-1: Called Strike 2-2: DOUBLE (Line Drive, 9LM, EV 105.6 MPH) Mike Plugge to third
|
|
Batting: RHB Edwin Rivera
|
0-0: Ball 1-0: SINGLE (Line Drive, 9S, EV 88.8 MPH) Mike Plugge scores
|
| Bottom of the 9th over - 1 run, 3 hits, 0 errors, 0 left on base; Chattanooga 2 - Akron 3 |
| |
|
Game Over ... Akron defeats Chattanooga, 3 to 2
|
|
|